Panthers vs Islanders

Created - February 21, 2023 at 18:29

Goals
1 2 3 T
Panthers 2 1 0 3
Islanders 2 1 3 6
Shots
1 2 3 T
Panthers 19 8 8 35
Islanders 17 6 14 37

GoalsPenalties
1st period
1. Islanders , Mats Zuccarello 16 (Victor Hedman 24, Jonathan Huberdeau 21) at 2:16
2. Panthers , Dylan Strome 8 (Haydn Fleury 7) at 6:42
3. Panthers , Kyle Okposo 12 (Casey Fitzgerald 8, Tyler Seguin 11) at 12:18
4. Islanders , Mathew Barzal 10 (Ivan Barbashev 16, Victor Hedman 25) at 17:44
Alex Galchenyuk (FLA) for Roughing (Minor) at 3:19
Ivan Barbashev (NYI) for Interference (Minor) at 6:43
2nd period
5. Islanders , Cale Makar 8 (Steven Stamkos 22, Mathew Barzal 11) at 8:19
6. Panthers , Dylan Strome 9 (Martin Necas 8, Casey Fitzgerald 9) at 15:58
Jonathan Huberdeau (NYI) for Slashing (Minor) at 4:06
Casey Fitzgerald (FLA) for Elbowing (Minor) at 4:06
Haydn Fleury (FLA) for Hooking (Minor) at 11:55
Dylan Strome (FLA) for Tripping (Minor) at 16:13
3rd period
7. Islanders , Victor Hedman 8 (Steven Stamkos 23, Cale Makar 23) at 5:12 (PP)
8. Islanders , Tyler Motte 4 (Victor Hedman 26, Jake McCabe 13) at 5:45
9. Islanders , Steven Stamkos 13 (Cale Makar 24) at 15:27
John Carlson (FLA) for Slashing (Minor) at 4:39
Jake McCabe (NYI) for Holding (Minor) at 10:50
Max Jones (FLA) for Hooking (Minor) at 10:50
Goalie Stats
Ilya Sorokin (FLA), 31 saves from 37 shots - (0.838), L, 11-8-1, 60:00 minutes
Anthony Stolarz (NYI), 32 saves from 35 shots - (0.914), W, 9-3-1, 60:00 minutes
3 StarsOfficial
1 - Victor Hedman (NYI)
2 - Steven Stamkos (NYI)
3 - Cale Makar (NYI)
Referees : Ben O'Quinn and Troy Paterson
Linesman : Justin Cornell and Brian Mach
Game Note
No Game Note
Finance
Level 1 -- Attendance: 3884 (64.73%) -- Ticket Income $819,524
Level 2 -- Attendance: 3294 (65.88%) -- Ticket Income $510,570
Level 3 -- Attendance: 2284 (57.10%) -- Ticket Income $285,500
Level 4 -- Attendance: 1767 (58.90%) -- Ticket Income $176,700
Luxury Box -- Attendance: 761 (76.10%) -- Ticket Income $213,080
Game was played at the Barclays Center.
Total Attendance: 11990 (63.11%)
Total Ticket Income: $2,005,374
Total Income: $2,005,374



Team Name Goals Shots Shots Attemp Shots Blocked PIM HIT PP PK FO%
Panthers 335541412160 / 1 (0%)161%
Islanders 6377246271 / 4 (25%)039%

Panthers
Player Name POS G A P +/- PIM HIT SHT SB MP PP MP PP SHT PK MP PK SHT FO% FOT
Alex GalchenyukC/LW000-222109:010:0000:00071% 14
Alexandre CarrierD0000031220:060:0003:4500% 0
Casey FitzgeraldD0221202117:450:5912:4500% 0
Christian DvorakC/LW000-1002019:160:5302:46062% 13
Dylan StromeC/LW/RW2021213015:351:0610:00065% 17
Emil BemstromC/LW/RW000-2011111:330:5300:0000% 0
Erik BrannstromD000-3000421:091:0001:1000% 0
Haydn FleuryD0110211118:090:0001:5300% 0
Jason ZuckerLW/RW0000000010:390:0000:0000% 0
Jeff SkinnerLW0001025016:361:0610:00050% 2
John CarlsonD000-3262325:001:0013:2700% 0
Kyle OkposoRW101-1004017:400:0003:44067% 3
Martin NecasC/RW0111002016:260:5310:0000% 0
Max JonesLW/RW0000202014:070:0002:4600% 0
Sam SteelC/LW/RW0000001010:390:0000:00046% 13
Tomas TatarLW/RW000-200209:020:0000:0000% 2
Tyler SeguinC/RW011-1005020:331:0603:44063% 35
Will ButcherD0001001216:100:5910:0000% 0
Islanders
Player Name POS G A P +/- PIM HIT SHT SB MP PP MP PP SHT PK MP PK SHT FO% FOT
Cale MakarD1230012126:003:4500:5200% 0
Connor BrownLW/RW000-1003012:220:0000:37050% 2
Ivan BarbashevC/LW/RW0112271016:432:2110:0000% 2
Jake McCabeD0112211119:092:4511:0700% 0
Jonathan HuberdeauLW0111223019:494:0910:0000% 1
Martin FehervaryD0000020014:560:0000:0000% 0
Mathew BarzalC1122001015:592:2100:00039% 23
Mats ZuccarelloLW/RW1011034019:514:0900:0000% 0
Michael StoneD0000001114:500:0000:0000% 0
Radko GudasD0000030019:592:4501:0700% 0
Ryan O'ReillyC0001002019:252:2111:22045% 33
Sam GagnerC/LW/RW000002107:250:0000:0000% 1
Scott LaughtonC/LW000-1014013:050:0000:00046% 13
Steven StamkosC/LW/RW1232019020:444:0920:00033% 15
Teddy BluegerC/LW000000007:250:0000:00038% 8
Tyler MotteLW/RW101003118:510:0001:2200% 0
Victor HedmanD1342013025:053:4520:5200% 0
Yegor SharangovichC/LW/RW000-1001012:220:0000:3700% 1

Panthers

5 vs 5 Forward
Line #Left WingCenterRight WingPHYDFOFWanted %Time %Time Play
1Christian DvorakTyler SeguinKyle Okposo0233028%13:22
2Jeff SkinnerDylan StromeMartin Necas0053030%14:30
3Jason ZuckerSam SteelMax Jones0232022%10:39
4Tomas TatarAlex GalchenyukEmil Bemstrom0232019%9:02
5 vs 5 Defense
Line #DefenseDefensePHYDFOFWanted %Time %Time Play
1John CarlsonErik Brannstrom0503332%15:06
2Alexandre CarrierHaydn Fleury0503034%16:17
3Will ButcherCasey Fitzgerald0502527%13:03
4John CarlsonErik Brannstrom050127%3:07
Power Play Forward
Line #Left WingCenterRight WingPHYDFOFWanted %Time %Time Play
1Jeff SkinnerTyler SeguinDylan Strome0055055%1:06
2Emil BemstromChristian DvorakMartin Necas0055045%0:53
Power Play Defense
Line #DefenseDefensePHYDFOFWanted %Time %Time Play
1John CarlsonErik Brannstrom0505050%1:00
2Casey FitzgeraldWill Butcher0505050%0:59
Penalty Kill 4 Players Forward
Line #CenterWingPHYDFOFWanted %Time %Time Play
1Tyler SeguinKyle Okposo0505057%3:44
2Christian DvorakMax Jones0505043%2:46
Penalty Kill 4 Players Defense
Line #DefenseDefensePHYDFOFWanted %Time %Time Play
1John CarlsonAlexandre Carrier0505058%3:45
2Casey FitzgeraldHaydn Fleury0505042%2:45
Penalty Kill 3 Players
Line #WingPHYDFOFWanted %Time %Time PlayDefenseDefensePHYDFOFWanted %Time %Time Play
1Max Jones050500%0:00 John CarlsonAlexandre Carrier050500%0:00
2Kyle Okposo050500%0:00 Casey FitzgeraldHaydn Fleury050500%0:00
4 vs 4 Forward
Line #CenterWingPHYDFOFWanted %Time %Time Play
1Tyler SeguinJeff Skinner0055059%2:21
2Christian DvorakMartin Necas0055041%1:37
4 vs 4 Defense
Line #DefensePHYDFOFWanted %Time %Time Play
1John CarlsonEmil Bemstrom0415041%50% - 1:38
2Casey FitzgeraldWill Butcher0415059%50% - 2:20
Last Minutes Offensive
Left WingCenterRight WingDefenseDefense
Jeff SkinnerDylan StromeTyler SeguinJohn CarlsonErik Brannstrom
Last Minutes Defensive
Left WingCenterRight WingDefenseDefense
Max JonesChristian DvorakKyle OkposoJohn CarlsonAlexandre Carrier
Time
Total ForwardTotal DefenseLast Minutes OffensiveLast Minutes Defensive
60:00 60:00 0:000:00
Extra Forwards
Normal PowerPlayPenalty Kill
Christian Dvorak, Tyler Seguin, Kyle OkposoTyler Seguin, Christian DvorakKyle Okposo
Extra Defensemen
Normal PowerPlayPenalty Kill
John Carlson, Erik Brannstrom, Casey FitzgeraldJohn Carlson, John CarlsonErik Brannstrom
Penalty Shots
Tyler Seguin, Christian Dvorak, Kyle Okposo, John Carlson, Haydn Fleury
Goalie
Ilya Sorokin, Jake Oettinger
Custom OT Lines Forwards
Tyler Seguin, Martin Necas, Christian Dvorak, Jeff Skinner, Alex Galchenyuk, Kyle Okposo, Dylan Strome, Jason Zucker, Tomas Tatar, Emil Bemstrom
Custom OT Lines Defensemen
John Carlson, Will Butcher, Alexandre Carrier, Erik Brannstrom, Haydn Fleury
Scratches
Zach Whitecloud (Back Injury), Rasmus Andersson (Healthy)

Islanders

5 vs 5 Forward
Line #Left WingCenterRight WingPHYDFOFWanted %Time %Time Play
1Ivan BarbashevMathew BarzalSteven Stamkos0143629%13:38
2Jonathan HuberdeauRyan O'ReillyMats Zuccarello0323531%14:45
3Yegor SharangovichScott LaughtonConnor Brown0321925%11:45
4Tyler MotteTeddy BluegerSam Gagner1311016%7:25
5 vs 5 Defense
Line #DefenseDefensePHYDFOFWanted %Time %Time Play
1Martin FehervaryCale Makar0323131%14:56
2Victor HedmanJake McCabe1313131%14:39
3Radko GudasMichael Stone1312130%14:06
4Cale MakarVictor Hedman032178%3:52
Power Play Forward
Line #Left WingCenterRight WingPHYDFOFWanted %Time %Time Play
1Jonathan HuberdeauSteven StamkosMats Zuccarello0057064%4:09
2Ivan BarbashevRyan O'ReillyMathew Barzal0053036%2:21
Power Play Defense
Line #DefenseDefensePHYDFOFWanted %Time %Time Play
1Victor HedmanCale Makar0057058%3:45
2Jake McCabeRadko Gudas0053042%2:45
Penalty Kill 4 Players Forward
Line #CenterWingPHYDFOFWanted %Time %Time Play
1Ryan O'ReillyTyler Motte0506069%1:22
2Yegor SharangovichConnor Brown0504031%0:37
Penalty Kill 4 Players Defense
Line #DefenseDefensePHYDFOFWanted %Time %Time Play
1Victor HedmanCale Makar0506044%0:52
2Radko GudasJake McCabe0504056%1:07
Penalty Kill 3 Players
Line #WingPHYDFOFWanted %Time %Time PlayDefenseDefensePHYDFOFWanted %Time %Time Play
1Ryan O'Reilly050600%0:00 Victor HedmanJake McCabe050600%0:00
2Connor Brown050400%0:00 Radko GudasCale Makar050400%0:00
4 vs 4 Forward
Line #CenterWingPHYDFOFWanted %Time %Time Play
1Steven StamkosJonathan Huberdeau0236076%3:01
2Ryan O'ReillyMats Zuccarello0054024%0:57
4 vs 4 Defense
Line #DefensePHYDFOFWanted %Time %Time Play
1Radko GudasCale Makar0236065%60% - 2:35
2Jake McCabeVictor Hedman0324035%40% - 1:23
Last Minutes Offensive
Left WingCenterRight WingDefenseDefense
Jonathan HuberdeauSteven StamkosMats ZuccarelloVictor HedmanCale Makar
Last Minutes Defensive
Left WingCenterRight WingDefenseDefense
Connor BrownRyan O'ReillyTyler MotteMartin FehervaryJake McCabe
Time
Total ForwardTotal DefenseLast Minutes OffensiveLast Minutes Defensive
60:00 60:00 0:000:00
Extra Forwards
Normal PowerPlayPenalty Kill
Steven Stamkos, Scott Laughton, Ivan BarbashevRyan O'Reilly, Connor BrownMats Zuccarello
Extra Defensemen
Normal PowerPlayPenalty Kill
Jake McCabe, Michael Stone, Victor HedmanJake McCabe, Jake McCabeVictor Hedman
Penalty Shots
Ryan O'Reilly, Jonathan Huberdeau, Steven Stamkos, Connor Brown, Mats Zuccarello
Goalie
Anthony Stolarz, Keith Kinkaid
Custom OT Lines Forwards
Steven Stamkos, Jonathan Huberdeau, Ryan O'Reilly, Mats Zuccarello, Yegor Sharangovich, Mathew Barzal, Connor Brown, Scott Laughton, Ivan Barbashev, Tyler Motte
Custom OT Lines Defensemen
Victor Hedman, Cale Makar, Michael Stone, Jake McCabe, Radko Gudas
Scratches
Shea Weber (Fractured Left Foot Injury), Austin Watson (Healthy), Matt Murray (Groin Injury)


Play-by-Play

1st period


0:01 of 1st period - Mathew Barzal wins face-off versus Tyler Seguin in neutral zone.
0:05 of 1st period - Off-side.
0:06 of 1st period - Ryan O'Reilly wins face-off versus Dylan Strome in neutral zone.
0:11 of 1st period - Shot by Ryan O'Reilly.
0:11 of 1st period - Shot Blocked by Haydn Fleury.
0:13 of 1st period - Shot by Victor Hedman.
0:13 of 1st period - Stopped by Ilya Sorokin without a rebound.
0:14 of 1st period - Scott Laughton wins face-off versus Sam Steel in Panthers zone.
0:25 of 1st period - Shot by Yegor Sharangovich.
0:25 of 1st period - Shot Misses the Net.
0:27 of 1st period - Shot by Connor Brown.
0:27 of 1st period - Stopped by Ilya Sorokin without a rebound.
0:28 of 1st period - Mathew Barzal wins face-off versus Alex Galchenyuk in Panthers zone.
0:31 of 1st period - Shot by Steven Stamkos.
0:31 of 1st period - Shot Blocked by John Carlson.
0:33 of 1st period - Shot by Victor Hedman.
0:33 of 1st period - Shot Misses the Net.
0:49 of 1st period - Shot by Steven Stamkos.
0:49 of 1st period - Deflect By Mathew Barzal.
0:49 of 1st period - Shot Misses the Net.
0:51 of 1st period - Shot by Ivan Barbashev.
0:51 of 1st period - Shot Misses the Net.
0:53 of 1st period - Shot by Steven Stamkos.
0:53 of 1st period - Shot Blocked by Erik Brannstrom.
0:55 of 1st period - Shot by Ivan Barbashev.
0:55 of 1st period - Deflect By Steven Stamkos.
0:55 of 1st period - Stopped by Ilya Sorokin without a rebound.
0:56 of 1st period - Tyler Seguin wins face-off versus Ryan O'Reilly in Panthers zone.
1:03 of 1st period - Icing by Michael Stone.
1:04 of 1st period - Dylan Strome wins face-off versus Ryan O'Reilly in Islanders zone.
1:19 of 1st period - Shot by Mats Zuccarello.
1:19 of 1st period - Stopped by Ilya Sorokin without a rebound.
1:20 of 1st period - Tyler Seguin wins face-off versus Sam Gagner in Panthers zone.
1:40 of 1st period - Cale Makar is hit by John Carlson and loses puck.
1:49 of 1st period - Shot by Sam Gagner.
1:49 of 1st period - Shot Misses the Net.
1:52 of 1st period - Icing by John Carlson.
1:53 of 1st period - Tyler Seguin wins face-off versus Ryan O'Reilly in Panthers zone.
2:16 of 1st period - Shot by Mats Zuccarello.
2:16 of 1st period - Goal by Mats Zuccarello - Panthers : 0 - Islanders : 1.
2:17 of 1st period - Jeff Skinner wins face-off versus Mathew Barzal in neutral zone.
2:20 of 1st period - Ivan Barbashev is hit by Dylan Strome.
2:36 of 1st period - Jeff Skinner is hit by Ivan Barbashev and loses puck.
2:49 of 1st period - Shot by Steven Stamkos.
2:49 of 1st period - Stopped by Ilya Sorokin without a rebound.
2:50 of 1st period - Sam Steel wins face-off versus Connor Brown in Panthers zone.
2:50 of 1st period - Sam Steel is hit by Scott Laughton.
2:58 of 1st period - Shot by Haydn Fleury.
2:58 of 1st period - Stopped by Anthony Stolarz without a rebound.
2:59 of 1st period - Alex Galchenyuk wins face-off versus Ryan O'Reilly in Islanders zone.
3:19 of 1st period - Minor Penalty to Alex Galchenyuk for Roughing.
3:20 of 1st period - Steven Stamkos wins face-off versus Tyler Seguin in Panthers zone.
3:29 of 1st period - Shot by Jonathan Huberdeau.
3:29 of 1st period - Stopped by Ilya Sorokin without a rebound.
3:30 of 1st period - Ryan O'Reilly wins face-off versus Christian Dvorak in Panthers zone.
3:31 of 1st period - Shot by Victor Hedman.
3:31 of 1st period - Shot Misses the Net.
3:59 of 1st period - Shot by Victor Hedman.
3:59 of 1st period - Stopped by Ilya Sorokin without a rebound.
4:00 of 1st period - Tyler Seguin wins face-off versus Steven Stamkos in Panthers zone.
4:00 of 1st period - Tyler Seguin is hit by Radko Gudas.
4:30 of 1st period - Shot by Steven Stamkos.
4:30 of 1st period - Stopped by Ilya Sorokin without a rebound.
4:31 of 1st period - Ryan O'Reilly wins face-off versus Christian Dvorak in Panthers zone.
4:40 of 1st period - Shot by Ivan Barbashev.
4:40 of 1st period - Stopped by Ilya Sorokin without a rebound.
4:41 of 1st period - Ryan O'Reilly wins face-off versus Christian Dvorak in Panthers zone.
4:58 of 1st period - Shot by Ryan O'Reilly.
4:58 of 1st period - Stopped by Ilya Sorokin without a rebound.
4:59 of 1st period - Steven Stamkos wins face-off versus Kyle Okposo in Panthers zone.
5:10 of 1st period - Shot by Jake McCabe.
5:10 of 1st period - Shot Blocked by Casey Fitzgerald.
5:23 of 1st period - Scott Laughton is hit by John Carlson.
5:25 of 1st period - Shot by Connor Brown.
5:25 of 1st period - Shot Blocked by John Carlson.
5:27 of 1st period - Shot by Connor Brown.
5:27 of 1st period - Stopped by Ilya Sorokin without a rebound.
5:28 of 1st period - Scott Laughton wins face-off versus Sam Steel in Panthers zone.
5:28 of 1st period - Scott Laughton is hit by John Carlson.
5:37 of 1st period - Shot by Max Jones.
5:37 of 1st period - Shot Blocked by Cale Makar.
6:42 of 1st period - Shot by Dylan Strome.
6:42 of 1st period - Goal by Dylan Strome - Panthers : 1 - Islanders : 1.
6:43 of 1st period - Kyle Okposo wins face-off versus Mathew Barzal in neutral zone.
6:43 of 1st period - Minor Penalty to Ivan Barbashev for Interference.
6:44 of 1st period - Christian Dvorak wins face-off versus Ryan O'Reilly in Islanders zone.
6:51 of 1st period - Shot by Martin Necas.
6:51 of 1st period - Shot Misses the Net.
6:53 of 1st period - Shot by Will Butcher.
6:53 of 1st period - Stopped by Anthony Stolarz with a rebound.
6:55 of 1st period - Shot by Emil Bemstrom.
6:55 of 1st period - Shot Misses the Net.
6:57 of 1st period - Shot by Casey Fitzgerald.
6:57 of 1st period - Stopped by Anthony Stolarz without a rebound.
6:58 of 1st period - Tyler Seguin wins face-off versus Ryan O'Reilly in Islanders zone.
7:05 of 1st period - Shot by Tyler Seguin.
7:05 of 1st period - Shot Blocked by Tyler Motte.
7:07 of 1st period - Shot by Will Butcher.
7:07 of 1st period - Shot Misses the Net.
7:09 of 1st period - Shot by Jeff Skinner.
7:09 of 1st period - Stopped by Anthony Stolarz without a rebound.
7:10 of 1st period - Christian Dvorak wins face-off versus Ryan O'Reilly in Islanders zone.
7:15 of 1st period - Shot by John Carlson.
7:15 of 1st period - Stopped by Anthony Stolarz without a rebound.
7:16 of 1st period - Ryan O'Reilly wins face-off versus Tyler Seguin in Islanders zone.
7:25 of 1st period - Shot by Erik Brannstrom.
7:25 of 1st period - Shot Misses the Net.
7:51 of 1st period - Off-side.
7:52 of 1st period - Christian Dvorak wins face-off versus Yegor Sharangovich in neutral zone.
8:21 of 1st period - Shot by Martin Necas.
8:21 of 1st period - Stopped by Anthony Stolarz without a rebound.
8:22 of 1st period - Tyler Seguin wins face-off versus Ryan O'Reilly in Islanders zone.
8:27 of 1st period - Shot by Jeff Skinner.
8:27 of 1st period - Shot Misses the Net.
8:39 of 1st period - Shot by Dylan Strome.
8:39 of 1st period - Stopped by Anthony Stolarz without a rebound.
8:40 of 1st period - Ryan O'Reilly wins face-off versus Christian Dvorak in Islanders zone.
8:40 of 1st period - Ryan O'Reilly is hit by Emil Bemstrom.
10:34 of 1st period - Shot by Cale Makar.
10:34 of 1st period - Stopped by Ilya Sorokin without a rebound.
10:35 of 1st period - Scott Laughton wins face-off versus Dylan Strome in Panthers zone.
10:59 of 1st period - Scott Laughton is hit by John Carlson.
11:13 of 1st period - Shot by Yegor Sharangovich.
11:13 of 1st period - Deflect By Connor Brown.
11:13 of 1st period - Shot Misses the Net.
11:15 of 1st period - Shot by Connor Brown.
11:15 of 1st period - Deflect By Scott Laughton.
11:15 of 1st period - Stopped by Ilya Sorokin with a rebound.
11:49 of 1st period - Shot by Ivan Barbashev.
11:49 of 1st period - Shot Misses the Net.
12:06 of 1st period - Icing by Ivan Barbashev.
12:07 of 1st period - Tyler Seguin wins face-off versus Mathew Barzal in Islanders zone.
12:14 of 1st period - Shot by Tyler Seguin.
12:14 of 1st period - Stopped by Anthony Stolarz with a rebound.
12:16 of 1st period - Shot by Casey Fitzgerald.
12:16 of 1st period - Shot Blocked by Jake McCabe.
12:18 of 1st period - Shot by Kyle Okposo.
12:18 of 1st period - Goal by Kyle Okposo - Panthers : 2 - Islanders : 1.
12:19 of 1st period - Alex Galchenyuk wins face-off versus Ryan O'Reilly in neutral zone.
12:27 of 1st period - Tomas Tatar is hit by Radko Gudas.
12:48 of 1st period - Shot by Tomas Tatar.
12:48 of 1st period - Shot Misses the Net.
13:10 of 1st period - Christian Dvorak is hit by Mats Zuccarello and loses puck.
13:16 of 1st period - Shot by Casey Fitzgerald.
13:16 of 1st period - Stopped by Anthony Stolarz without a rebound.
13:17 of 1st period - Sam Steel wins face-off versus Teddy Blueger in Islanders zone.
13:48 of 1st period - Shot by Max Jones.
13:48 of 1st period - Stopped by Anthony Stolarz without a rebound.
13:49 of 1st period - Tyler Seguin wins face-off versus Mathew Barzal in Islanders zone.
13:59 of 1st period - Ivan Barbashev is hit by John Carlson and loses puck.
14:05 of 1st period - Icing by John Carlson.
14:06 of 1st period - Scott Laughton wins face-off versus Tyler Seguin in Panthers zone.
14:09 of 1st period - Shot by Scott Laughton.
14:09 of 1st period - Deflect By Connor Brown.
14:09 of 1st period - Shot Blocked by John Carlson.
14:15 of 1st period - Shot by Kyle Okposo.
14:15 of 1st period - Stopped by Anthony Stolarz without a rebound.
14:16 of 1st period - Ryan O'Reilly wins face-off versus Alex Galchenyuk in Islanders zone.
14:21 of 1st period - Alexandre Carrier is hit by Mats Zuccarello and loses puck.
14:44 of 1st period - Alex Galchenyuk is hit by Radko Gudas and loses puck.
14:49 of 1st period - Shot by Tomas Tatar.
14:49 of 1st period - Stopped by Anthony Stolarz with a rebound.
14:51 of 1st period - Shot by Alexandre Carrier.
14:51 of 1st period - Stopped by Anthony Stolarz with a rebound.
15:49 of 1st period - Off-side.
15:50 of 1st period - Dylan Strome wins face-off versus Mathew Barzal in neutral zone.
16:56 of 1st period - Icing by Casey Fitzgerald.
16:57 of 1st period - Teddy Blueger wins face-off versus Jeff Skinner in Panthers zone.
17:00 of 1st period - Shot by Sam Gagner.
17:00 of 1st period - Stopped by Ilya Sorokin without a rebound.
17:01 of 1st period - Teddy Blueger wins face-off versus Tyler Seguin in Panthers zone.
17:30 of 1st period - Shot by Christian Dvorak.
17:30 of 1st period - Stopped by Anthony Stolarz without a rebound.
17:31 of 1st period - Alex Galchenyuk wins face-off versus Steven Stamkos in Islanders zone.
17:32 of 1st period - Shot by Emil Bemstrom.
17:32 of 1st period - Stopped by Anthony Stolarz without a rebound.
17:33 of 1st period - Mathew Barzal wins face-off versus Tomas Tatar in Islanders zone.
17:44 of 1st period - Shot by Mathew Barzal.
17:44 of 1st period - Goal by Mathew Barzal - Panthers : 2 - Islanders : 2.
17:45 of 1st period - Tyler Seguin wins face-off versus Ryan O'Reilly in neutral zone.
18:48 of 1st period - Shot by Alex Galchenyuk.
18:48 of 1st period - Stopped by Anthony Stolarz without a rebound.
18:49 of 1st period - Mathew Barzal wins face-off versus Dylan Strome in Islanders zone.
19:04 of 1st period - Shot by Martin Necas.
19:04 of 1st period - Stopped by Anthony Stolarz without a rebound.
19:05 of 1st period - Alex Galchenyuk wins face-off versus Scott Laughton in Islanders zone.
19:30 of 1st period - Shot by Alex Galchenyuk.
19:30 of 1st period - Shot Blocked by Michael Stone.
19:36 of 1st period - Shot by Scott Laughton.
19:36 of 1st period - Stopped by Ilya Sorokin without a rebound.
19:37 of 1st period - Dylan Strome wins face-off versus Mathew Barzal in Panthers zone.
19:37 of 1st period - Dylan Strome is hit by Steven Stamkos.
19:52 of 1st period - Icing by Mathew Barzal.
19:53 of 1st period - Mathew Barzal wins face-off versus Sam Steel in Islanders zone.
Goals for this period are 2 for Panthers vs 2 for Islanders.
Shots for this period are 19 for Panthers vs 17 for Islanders.

2nd period


0:01 of 2nd period - Tyler Seguin wins face-off versus Mathew Barzal in neutral zone.
1:03 of 2nd period - Martin Necas is hit by Jonathan Huberdeau.
1:20 of 2nd period - Jonathan Huberdeau is hit by Alexandre Carrier and loses puck.
2:17 of 2nd period - Shot by Connor Brown.
2:17 of 2nd period - Shot Misses the Net.
2:52 of 2nd period - Victor Hedman is hit by Haydn Fleury and loses puck.
3:28 of 2nd period - Icing by Steven Stamkos.
3:29 of 2nd period - Alex Galchenyuk wins face-off versus Mathew Barzal in Islanders zone.
3:30 of 2nd period - Shot by Tomas Tatar.
3:30 of 2nd period - Shot Misses the Net.
3:40 of 2nd period - Will Butcher is hit by Ivan Barbashev.
3:43 of 2nd period - Icing by Tomas Tatar.
3:44 of 2nd period - Alex Galchenyuk wins face-off versus Ryan O'Reilly in Panthers zone.
3:44 of 2nd period - Alex Galchenyuk is hit by Jonathan Huberdeau.
4:05 of 2nd period - Shot by Mats Zuccarello.
4:05 of 2nd period - Shot Misses the Net.
4:06 of 2nd period - Minor Penalty to Jonathan Huberdeau for Slashing.
4:06 of 2nd period - Minor Penalty to Casey Fitzgerald for Elbowing.
4:07 of 2nd period - Tyler Seguin wins face-off versus Steven Stamkos in Panthers zone.
5:26 of 2nd period - Shot by Tyler Seguin.
5:26 of 2nd period - Stopped by Anthony Stolarz without a rebound.
5:27 of 2nd period - Tyler Seguin wins face-off versus Ryan O'Reilly in Islanders zone.
5:38 of 2nd period - Shot by Tyler Seguin.
5:38 of 2nd period - Shot Misses the Net.
5:57 of 2nd period - Shot by Mats Zuccarello.
5:57 of 2nd period - Shot Misses the Net.
5:59 of 2nd period - Shot by Mats Zuccarello.
5:59 of 2nd period - Shot Blocked by Will Butcher.
6:01 of 2nd period - Shot by Mats Zuccarello.
6:01 of 2nd period - Stopped by Ilya Sorokin without a rebound.
6:02 of 2nd period - Christian Dvorak wins face-off versus Ivan Barbashev in Panthers zone.
6:02 of 2nd period - Christian Dvorak is hit by Tyler Motte.
6:26 of 2nd period - Shot by Emil Bemstrom.
6:26 of 2nd period - Deflect By Tomas Tatar.
6:26 of 2nd period - Stopped by Anthony Stolarz without a rebound.
6:27 of 2nd period - Dylan Strome wins face-off versus Ryan O'Reilly in Islanders zone.
6:27 of 2nd period - Martin Necas is hit by Jake McCabe and loses puck.
7:07 of 2nd period - John Carlson is hit by Victor Hedman and loses puck.
8:00 of 2nd period - Shot by Tyler Seguin.
8:00 of 2nd period - Stopped by Anthony Stolarz with a rebound.
8:02 of 2nd period - Shot by Kyle Okposo.
8:02 of 2nd period - Stopped by Anthony Stolarz without a rebound.
8:03 of 2nd period - Mathew Barzal wins face-off versus Tomas Tatar in Islanders zone.
8:03 of 2nd period - Mathew Barzal is hit by Alex Galchenyuk.
8:06 of 2nd period - Steven Stamkos is hit by Alex Galchenyuk and loses puck.
8:17 of 2nd period - Shot by Steven Stamkos.
8:17 of 2nd period - Shot Misses the Net.
8:19 of 2nd period - Shot by Cale Makar.
8:19 of 2nd period - Goal by Cale Makar - Panthers : 2 - Islanders : 3.
8:20 of 2nd period - Tyler Seguin wins face-off versus Scott Laughton in neutral zone.
9:30 of 2nd period - Icing by Max Jones.
9:31 of 2nd period - Mathew Barzal wins face-off versus Sam Steel in Panthers zone.
9:46 of 2nd period - Shot by Max Jones.
9:46 of 2nd period - Stopped by Anthony Stolarz without a rebound.
9:47 of 2nd period - Alex Galchenyuk wins face-off versus Teddy Blueger in Islanders zone.
9:51 of 2nd period - Icing by Teddy Blueger.
9:52 of 2nd period - Alex Galchenyuk wins face-off versus Teddy Blueger in Islanders zone.
9:52 of 2nd period - Alex Galchenyuk is hit by Cale Makar.
11:17 of 2nd period - Icing by Mathew Barzal.
11:18 of 2nd period - Tyler Seguin wins face-off versus Mathew Barzal in Islanders zone.
11:29 of 2nd period - Shot by Steven Stamkos.
11:29 of 2nd period - Stopped by Ilya Sorokin with a rebound.
11:35 of 2nd period - Shot by Steven Stamkos.
11:35 of 2nd period - Stopped by Ilya Sorokin without a rebound.
11:36 of 2nd period - Ryan O'Reilly wins face-off versus Sam Steel in Panthers zone.
11:55 of 2nd period - Minor Penalty to Haydn Fleury for Hooking.
11:56 of 2nd period - Steven Stamkos wins face-off versus Tyler Seguin in Panthers zone.
12:29 of 2nd period - Icing by Cale Makar.
12:30 of 2nd period - Tyler Seguin wins face-off versus Steven Stamkos in Islanders zone.
13:24 of 2nd period - Off-side.
13:25 of 2nd period - Christian Dvorak wins face-off versus Steven Stamkos in neutral zone.
13:33 of 2nd period - Icing by Jonathan Huberdeau.
13:34 of 2nd period - Christian Dvorak wins face-off versus Steven Stamkos in Islanders zone.
14:08 of 2nd period - Scott Laughton is hit by Alexandre Carrier and loses puck.
14:44 of 2nd period - Icing by Martin Fehervary.
14:45 of 2nd period - Tyler Seguin wins face-off versus Teddy Blueger in Islanders zone.
14:56 of 2nd period - Shot by Erik Brannstrom.
14:56 of 2nd period - Shot Misses the Net.
15:08 of 2nd period - Shot by Tyler Seguin.
15:08 of 2nd period - Shot Misses the Net.
15:25 of 2nd period - John Carlson is hit by Tyler Motte and loses puck.
15:58 of 2nd period - Shot by Dylan Strome.
15:58 of 2nd period - Goal by Dylan Strome - Panthers : 3 - Islanders : 3.
15:59 of 2nd period - Sam Steel wins face-off versus Mathew Barzal in neutral zone.
16:06 of 2nd period - Shot by Jason Zucker.
16:06 of 2nd period - Shot Misses the Net.
16:08 of 2nd period - Shot by Sam Steel.
16:08 of 2nd period - Stopped by Anthony Stolarz without a rebound.
16:09 of 2nd period - Dylan Strome wins face-off versus Ryan O'Reilly in Islanders zone.
16:10 of 2nd period - Shot by Jeff Skinner.
16:10 of 2nd period - Stopped by Anthony Stolarz with a rebound.
16:13 of 2nd period - Minor Penalty to Dylan Strome for Tripping.
16:14 of 2nd period - Steven Stamkos wins face-off versus Christian Dvorak in Panthers zone.
16:38 of 2nd period - Shot by Jake McCabe.
16:38 of 2nd period - Shot Hit the Post.
16:40 of 2nd period - Shot by Jake McCabe.
16:40 of 2nd period - Stopped by Ilya Sorokin without a rebound.
16:41 of 2nd period - Kyle Okposo wins face-off versus Ryan O'Reilly in Panthers zone.
16:50 of 2nd period - Kyle Okposo is hit by Ivan Barbashev and loses puck.
17:11 of 2nd period - John Carlson is hit by Ivan Barbashev and loses puck.
17:42 of 2nd period - Shot by Mats Zuccarello.
17:42 of 2nd period - Deflect By Steven Stamkos.
17:42 of 2nd period - Stopped by Ilya Sorokin without a rebound.
17:43 of 2nd period - Tyler Seguin wins face-off versus Steven Stamkos in Panthers zone.
18:34 of 2nd period - Cale Makar is hit by Jeff Skinner and loses puck.
19:13 of 2nd period - Erik Brannstrom is hit by Sam Gagner and loses puck.
19:33 of 2nd period - John Carlson is hit by Tyler Motte and loses puck.
Goals for this period are 1 for Panthers vs 1 for Islanders.
Shots for this period are 8 for Panthers vs 6 for Islanders.

3rd period


0:01 of 3rd period - Tyler Seguin wins face-off versus Ivan Barbashev in neutral zone.
0:01 of 3rd period - Christian Dvorak is hit by Ivan Barbashev and loses puck.
0:26 of 3rd period - Shot by Tyler Seguin.
0:26 of 3rd period - Stopped by Anthony Stolarz without a rebound.
0:27 of 3rd period - Dylan Strome wins face-off versus Ryan O'Reilly in Islanders zone.
0:32 of 3rd period - Shot by Jeff Skinner.
0:32 of 3rd period - Shot Misses the Net.
0:35 of 3rd period - Icing by Michael Stone.
0:36 of 3rd period - Ryan O'Reilly wins face-off versus Sam Steel in Islanders zone.
1:16 of 3rd period - Shot by Ryan O'Reilly.
1:16 of 3rd period - Stopped by Ilya Sorokin without a rebound.
1:17 of 3rd period - Tyler Seguin wins face-off versus Steven Stamkos in Panthers zone.
1:30 of 3rd period - Shot by Christian Dvorak.
1:30 of 3rd period - Deflect By Tyler Seguin.
1:30 of 3rd period - Stopped by Anthony Stolarz with a rebound.
1:35 of 3rd period - Icing by Ivan Barbashev.
1:36 of 3rd period - Dylan Strome wins face-off versus Mathew Barzal in Islanders zone.
2:33 of 3rd period - Shot by Mats Zuccarello.
2:33 of 3rd period - Shot Blocked by Erik Brannstrom.
2:40 of 3rd period - Off-side.
2:41 of 3rd period - Sam Steel wins face-off versus Scott Laughton in neutral zone.
2:53 of 3rd period - Yegor Sharangovich is hit by Alexandre Carrier and loses puck.
3:36 of 3rd period - Icing by Cale Makar.
3:37 of 3rd period - Ryan O'Reilly wins face-off versus Tyler Seguin in Islanders zone.
3:56 of 3rd period - Shot by Jonathan Huberdeau.
3:56 of 3rd period - Stopped by Ilya Sorokin without a rebound.
3:57 of 3rd period - Dylan Strome wins face-off versus Mathew Barzal in Panthers zone.
4:17 of 3rd period - Shot by Martin Necas.
4:17 of 3rd period - Shot Misses the Net.
4:37 of 3rd period - Shot by Steven Stamkos.
4:37 of 3rd period - Stopped by Ilya Sorokin without a rebound.
4:38 of 3rd period - Ryan O'Reilly wins face-off versus Tyler Seguin in Panthers zone.
4:38 of 3rd period - Ryan O'Reilly is hit by John Carlson.
4:39 of 3rd period - Minor Penalty to John Carlson for Slashing.
4:40 of 3rd period - Christian Dvorak wins face-off versus Steven Stamkos in Panthers zone.
5:00 of 3rd period - Shot by Victor Hedman.
5:00 of 3rd period - Shot Blocked by Alexandre Carrier.
5:02 of 3rd period - Shot by Mats Zuccarello.
5:02 of 3rd period - Shot Blocked by Erik Brannstrom.
5:10 of 3rd period - Shot by Steven Stamkos.
5:10 of 3rd period - Shot Blocked by Erik Brannstrom.
5:12 of 3rd period - Shot by Victor Hedman.
5:12 of 3rd period - Goal by Victor Hedman - Panthers : 3 - Islanders : 4.
5:13 of 3rd period - Alex Galchenyuk wins face-off versus Scott Laughton in neutral zone.
5:25 of 3rd period - Shot by Connor Brown.
5:25 of 3rd period - Stopped by Ilya Sorokin without a rebound.
5:26 of 3rd period - Dylan Strome wins face-off versus Teddy Blueger in Panthers zone.
5:26 of 3rd period - Martin Necas is hit by Sam Gagner and loses puck.
5:35 of 3rd period - Shot by Tyler Motte.
5:35 of 3rd period - Shot Misses the Net.
5:37 of 3rd period - Shot by Victor Hedman.
5:37 of 3rd period - Shot Misses the Net.
5:39 of 3rd period - Shot by Jake McCabe.
5:39 of 3rd period - Shot Misses the Net.
5:43 of 3rd period - Shot by Victor Hedman.
5:43 of 3rd period - Shot Misses the Net.
5:45 of 3rd period - Shot by Tyler Motte.
5:45 of 3rd period - Goal by Tyler Motte - Panthers : 3 - Islanders : 5.
5:46 of 3rd period - Ryan O'Reilly wins face-off versus Tyler Seguin in neutral zone.
7:42 of 3rd period - Off-side.
7:43 of 3rd period - Sam Steel wins face-off versus Scott Laughton in neutral zone.
8:11 of 3rd period - Shot by Yegor Sharangovich.
8:11 of 3rd period - Shot Blocked by Will Butcher.
9:46 of 3rd period - Shot by Mats Zuccarello.
9:46 of 3rd period - Shot Hit the Post.
9:50 of 3rd period - Shot by Jonathan Huberdeau.
9:50 of 3rd period - Shot Blocked by Alexandre Carrier.
9:52 of 3rd period - Shot by Jonathan Huberdeau.
9:52 of 3rd period - Stopped by Ilya Sorokin without a rebound.
9:53 of 3rd period - Dylan Strome wins face-off versus Mathew Barzal in Panthers zone.
9:53 of 3rd period - Dylan Strome is hit by Ivan Barbashev.
10:03 of 3rd period - Shot by Jeff Skinner.
10:03 of 3rd period - Stopped by Anthony Stolarz without a rebound.
10:04 of 3rd period - Sam Steel wins face-off versus Ryan O'Reilly in Islanders zone.
10:50 of 3rd period - Minor Penalty to Jake McCabe for Holding.
10:50 of 3rd period - Minor Penalty to Max Jones for Hooking.
10:51 of 3rd period - Christian Dvorak wins face-off versus Steven Stamkos in Islanders zone.
12:05 of 3rd period - Shot by Jeff Skinner.
12:05 of 3rd period - Stopped by Anthony Stolarz without a rebound.
12:06 of 3rd period - Ryan O'Reilly wins face-off versus Tyler Seguin in Islanders zone.
12:11 of 3rd period - Shot by Tyler Seguin.
12:11 of 3rd period - Shot Misses the Net.
12:13 of 3rd period - Shot by John Carlson.
12:13 of 3rd period - Stopped by Anthony Stolarz without a rebound.
12:14 of 3rd period - Ryan O'Reilly wins face-off versus Tyler Seguin in Islanders zone.
12:25 of 3rd period - Shot by Ryan O'Reilly.
12:25 of 3rd period - Shot Blocked by Emil Bemstrom.
12:27 of 3rd period - Shot by Michael Stone.
12:27 of 3rd period - Stopped by Ilya Sorokin without a rebound.
12:28 of 3rd period - Steven Stamkos wins face-off versus Tyler Seguin in Panthers zone.
12:39 of 3rd period - Shot by Jonathan Huberdeau.
12:39 of 3rd period - Shot Misses the Net.
12:41 of 3rd period - Shot by Steven Stamkos.
12:41 of 3rd period - Stopped by Ilya Sorokin with a rebound.
12:43 of 3rd period - Shot by Victor Hedman.
12:43 of 3rd period - Shot Misses the Net.
13:55 of 3rd period - Icing by Jake McCabe.
13:56 of 3rd period - Teddy Blueger wins face-off versus Dylan Strome in Islanders zone.
13:56 of 3rd period - Teddy Blueger is hit by Jeff Skinner.
14:12 of 3rd period - Icing by Erik Brannstrom.
14:13 of 3rd period - Dylan Strome wins face-off versus Ryan O'Reilly in Panthers zone.
15:20 of 3rd period - Tyler Seguin is hit by Ivan Barbashev and loses puck.
15:27 of 3rd period - Shot by Steven Stamkos.
15:27 of 3rd period - Goal by Steven Stamkos - Panthers : 3 - Islanders : 6.
15:28 of 3rd period - Connor Brown wins face-off versus Alex Galchenyuk in neutral zone.
15:33 of 3rd period - Shot by Connor Brown.
15:33 of 3rd period - Shot Misses the Net.
15:35 of 3rd period - Shot by Scott Laughton.
15:35 of 3rd period - Stopped by Ilya Sorokin without a rebound.
15:36 of 3rd period - Scott Laughton wins face-off versus Tyler Seguin in Panthers zone.
15:39 of 3rd period - Shot by Yegor Sharangovich.
15:39 of 3rd period - Stopped by Ilya Sorokin with a rebound.
16:00 of 3rd period - Icing by Victor Hedman.
16:01 of 3rd period - Scott Laughton wins face-off versus Alex Galchenyuk in Islanders zone.
16:12 of 3rd period - Shot by Scott Laughton.
16:12 of 3rd period - Stopped by Ilya Sorokin without a rebound.
16:13 of 3rd period - Mathew Barzal wins face-off versus Sam Steel in Panthers zone.
17:15 of 3rd period - Shot by Mats Zuccarello.
17:15 of 3rd period - Stopped by Ilya Sorokin without a rebound.
17:16 of 3rd period - Tyler Seguin wins face-off versus Scott Laughton in Panthers zone.
17:25 of 3rd period - Off-side.
17:26 of 3rd period - Ryan O'Reilly wins face-off versus Dylan Strome in neutral zone.
17:43 of 3rd period - Haydn Fleury is hit by Mats Zuccarello and loses puck.
18:07 of 3rd period - Icing by Jake McCabe.
18:08 of 3rd period - Tyler Seguin wins face-off versus Jonathan Huberdeau in Islanders zone.
18:09 of 3rd period - Shot by Christian Dvorak.
18:09 of 3rd period - Stopped by Anthony Stolarz without a rebound.
18:10 of 3rd period - Tyler Seguin wins face-off versus Mathew Barzal in Islanders zone.
18:10 of 3rd period - Kyle Okposo is hit by Martin Fehervary and loses puck.
18:18 of 3rd period - Christian Dvorak is hit by Martin Fehervary.
18:39 of 3rd period - Shot by Kyle Okposo.
18:39 of 3rd period - Stopped by Anthony Stolarz with a rebound.
18:41 of 3rd period - Shot by Kyle Okposo.
18:41 of 3rd period - Shot Misses the Net.
19:02 of 3rd period - Icing by Cale Makar.
19:03 of 3rd period - Mathew Barzal wins face-off versus Dylan Strome in Islanders zone.
19:28 of 3rd period - Shot by Jeff Skinner.
19:28 of 3rd period - Stopped by Anthony Stolarz without a rebound.
19:29 of 3rd period - Alex Galchenyuk wins face-off versus Scott Laughton in Islanders zone.
Goals for this period are 0 for Panthers vs 3 for Islanders.
Shots for this period are 8 for Panthers vs 14 for Islanders.




Output by the SimonT Hockey Simulator (STHS) for Tyler Bell - Original Page W3C HTML5 Valid
Hockey Simulator - Hockey Simulation - Hockey Manager